 Dungeon Crawl Stone Soup version 0.16-a0-113-gc8d9654 (webtiles) character file.

2499 Crauler the Cutter (level 9, -1/48 HPs)
             Began as a Vine Stalker Chaos Knight on Aug 11, 2014.
             Was a Plaything of Xom.
             Slain by an ice devil (10 damage)
             ... summoned by Xom
             ... on Level 6 of the Dungeon.
             The game lasted 00:23:27 (5299 turns).

Crauler the Cutter (Vine Stalker Chaos Knight)      Turns: 5299, Time: 00:23:28

HP  -1/48        AC  7     Str 15      XL: 9   Next: 53%
MP   0/12        EV 12     Int 12      God: Xom
Gold 474         SH  4     Dex 17      Spells:  1 memorised,  6 levels left

rFire  . . .     SeeInvis .     a - +0 short sword (chaos) (curse)
rCold  . . .     Clarity  .     b - +2 leather armour (curse)
rNeg   . . .     rCorr    +     g - +0 buckler
rPois  .         rRot     +     (no helmet)
rElec  .         Spirit   +     (no cloak)
SustAb +         Warding  .     G - +0 pair of gloves
rMut   .         Stasis   .     w - +0 pair of boots (curse)
Gourm  .                        i - cursed amulet of resist corrosion
MR     +....                    (no ring)
                                y - cursed ring of sustain abilities

@: lethally poisoned, weakened, drained, somewhat resistant to hostile
enchantments, very unstealthy
A: fangs 3, regeneration 2, wild magic 1, magic shield, antimagic bite, no
device heal 3, rot immunity
a: Renounce Religion


You were on level 6 of the Dungeon.
You worshipped Xom.
You were a very special plaything of Xom.
You were not hungry.

You visited 1 branch of the dungeon, and saw 6 of its levels.
You also visited: Ossuary.

You collected 474 gold pieces.

Inventory:

Hand weapons
 a - a cursed +0 short sword of chaos (weapon)
 p - a cursed +5 cutlass of draining
 x - a cursed +0 cutlass
Missiles
 j - 5 javelins (quivered)
 r - 41 poisoned needles
 v - a tomahawk
Armour
 b - a cursed +2 leather armour (worn)
 g - a +0 buckler (worn)
 w - a cursed +0 pair of boots (worn)
 G - a +0 pair of gloves (worn)
Comestibles
 c - 5 bread rations
 m - 2 beef jerkies
 q - 3 rotting chunks of orc flesh
 s - a royal jelly
 z - a slice of pizza
 A - 2 meat rations
 F - 3 fruits
 K - 2 rotting chunks of worker ant flesh
 L - 5 chunks of ogre flesh
Scrolls
 f - 3 scrolls of fog
 h - 2 scrolls of amnesia
 k - a scroll of immolation
 o - a scroll of teleportation
 t - 9 scrolls of identify
 u - a scroll of recharging
 B - 2 scrolls of enchant weapon {unknown}
 C - a scroll of magic mapping
 E - 2 scrolls of remove curse {unknown}
 I - a scroll of noise {unknown}
Jewellery
 e - a cursed ring of ice
 i - a cursed amulet of resist corrosion (around neck)
 y - a cursed ring of sustain abilities (left hand)
Potions
 d - 2 potions of agility
 l - 6 potions of curing
 n - 2 potions of might
 D - a potion of lignification
 H - a potion of invisibility {unknown}
Books
 J - a book of Air

   Spells                             Type                      Level
   Shock                              Conjuration/Air              1
   Swiftness                          Charms/Air                   2
   *Repel Missiles                    Charms/Air                   2
   Flight                             Charms/Air                   3
   Static Discharge                   Conjuration/Air              3
   Lightning Bolt                     Conjuration/Air              5


   Skills:
 + Level 5.7(4.6) Fighting
 * Level 7.3(6.2) Short Blades
 + Level 3.9(2.9) Throwing
 + Level 4.4(3.4) Armour
 + Level 4.2(3.3) Dodging


You had 6 spell levels left.
You knew the following spells:

 Your Spells              Type           Power        Failure   Level  Hunger
a - Repel Missiles        Chrm/Air       #.....       88%         2    ###....


Dungeon Overview and Level Annotations

Branches:
Dungeon (6/15)
 Temple: D:4-7

Altars:
Elyvilon
Gozag
Kikubaaqudgha
Okawaru
Qazlal
Trog
Xom
Yredelemnul
Zin


Innate Abilities, Weirdness & Mutations

You have razor-sharp teeth.
You heal very quickly.
When hurt, damage is shared between your health and your magic reserves.
Your bite disrupts and absorbs the magic of your enemies.
Potions and wands cannot restore your health.
You are immune to rotting.
Your spells are a little harder to cast, but a little more powerful.


Message History

Xom is highly amused!
Your bite misses something.
You feel sick. Something bites you.
You feel clumsy for a moment. Something claws you but does no damage.
Something claws you but does no damage. The ice devil hits you!
The ice devil freezes you! The orange demon closely misses you.
You hit something but do no damage.
Nothing appears to happen.
Your bite misses something.
You feel sick. Something bites you but does no damage. Something claws you.
You feel clumsy for a moment. Something claws you but does no damage.
You block the ice devil's attack.
The white imp grins evilly.
The orange demon stings you from afar.
You hit something but do no damage.
You feel sick. Something bites you. Something claws you but does no damage.
Something claws you.
* * * LOW HITPOINT WARNING * * *
The ice devil hits you.
* * * LOW HITPOINT WARNING * * *
The ice devil freezes you!
You die... "Boring in life, boring in death..."

#.# #.##.# ## #.#
#.##.# #.
#.#####.##.# ###.
#..)..))##.# #...
#######)##.######...
#.##.....##...
#.######.###..
.###########.# #.#
#.. .....r53@.4..#
#.# #.#
############.# #.#
#.# #.######.###..
#............#
########.###.# #.#
#.# #.# #.# #.###(#
#.....#


You could see an ice devil, an orange demon, a white imp and a rat.

Vanquished Creatures
  Pikel (D:4)
  Eustachio (D:4)
  Edmund (D:4)
  A black bear (D:6)
  An ice beast (D:5)
  A dwarf (shapeshifter) (D:6)
  A phantom (D:6)
  2 ogres
  2 centaurs (D:6)
  2 giant frogs (D:6)
  3 crimson imps
  A goliath beetle (D:6)
  5 orc priests
  A quasit (D:5)
  3 jellies (D:6)
  3 worker ants
  6 orc wizards
  4 iguanas
  A big kobold zombie (Ossuary)
  9 mummies
  5 gnolls
  8 adders
  2 shadow imps (D:5)
  A giant mite (D:3)
  A worm (D:2)
  An ufetubus (D:5)
  An orc skeleton (D:4)
  An iguana skeleton (D:4)
  4 giant geckos
  2 oozes
  17 orcs
  2 bat skeletons
  5 giant cockroaches
  6 goblins
  8 hobgoblins
  8 jackals
  2 quokkas
  3 ball pythons
  6 bats
  A giant gecko skeleton (D:6)
  3 giant newts
  A giant newt skeleton (D:5)
  A gnoll zombie (Ossuary)
  2 hobgoblin zombies (Ossuary)
  A jackal zombie (D:1)
  14 kobolds
  3 kobold zombies (Ossuary)
  3 orc zombies
  11 rats
  2 rat skeletons (D:6)
174 creatures vanquished.

Vanquished Creatures (collateral kills)
  A phantom (D:4)
  A slave (D:4)
  An orc wizard (D:4)
  2 orcs (D:4)
  A hobgoblin (D:4)
  A quokka (D:2)
  2 bats (D:4)
  A kobold (D:4)
10 creatures vanquished.

Vanquished Creatures (others)
  A crimson imp (D:6)
  2 iron imps (D:4)
  An orc wizard (D:6)
  An adder (D:6)
  A goblin (D:4)
  A giant cockroach (D:6)
  A rat skeleton (D:4)
8 creatures vanquished.

Grand Total: 192 creatures vanquished

Notes
Turn   | Place    | Note
--------------------------------------------------------------
     0 | D:1      | Crauler, the Vine Stalker Chaos Knight, began the quest for the Orb.
     0 | D:1      | Reached XP level 1. HP: 11/11 MP: 1/1
   135 | D:1      | Reached skill level 1 in Dodging
   135 | D:1      | Reached XP level 2. HP: 16/16 MP: 3/3
   301 | D:1      | XOM: silly message
   476 | D:2      | Reached skill level 3 in Fighting
   481 | D:2      | Reached XP level 3. HP: 20/20 MP: 4/4
   492 | D:2      | Found a stormy altar of Qazlal.
   654 | D:2      | XOM: mild Pois miscast
   776 | D:2      | Found a white marble altar of Elyvilon.
   876 | D:2      | XOM: silly message
   984 | D:3      | XOM: divination: detect creatures
  1028 | D:3      | Reached XP level 4. HP: 16/24 MP: 5/5
  1082 | D:3      | Found a glowing silver altar of Zin.
  1125 | D:3      | Noticed an ogre
  1152 | D:3      | Killed an ogre
  1152 | D:3      | Reached skill level 1 in Throwing
  1152 | D:3      | Reached XP level 5. HP: 10/28 MP: 2/7
  1349 | D:3      | Found an opulent altar of Gozag.
  1515 | D:3      | Reached skill level 4 in Short Blades
  1515 | D:3      | Gained mutation: You heal very quickly. [vine stalker growth]
  1515 | D:3      | Reached XP level 6. HP: 17/33 MP: 8/8
  1791 | D:4      | Noticed Eustachio
  1832 | D:4      | XOM: divination: magic mapping
  1835 | D:4      | XOM: harmless Pois miscast
  1904 | D:4      | XOM: summons 2 friendly demons
  1928 | D:4      | Killed Eustachio
  2018 | D:4      | XOM: god gift: slice of pizza
  2082 | D:4      | Found a basalt altar of Yredelemnul.
  2252 | D:4      | Noticed Edmund
  2260 | D:4      | XOM: summons 2 friendly demons
  2263 | D:4      | XOM: god gift: 25 stones
  2288 | D:4      | Killed Edmund
  2288 | D:4      | Reached XP level 7. HP: 13/37 MP: 5/9
  2345 | D:4      | Found an ancient bone altar of Kikubaaqudgha.
  2443 | D:4      | XOM: 7-stop teleportation journey
  2455 | D:4      | Noticed Pikel
  2460 | D:4      | XOM: give mutation
  2460 | D:4      | Gained mutation: You passively map a small area around you. [Xom's grace]
  2465 | D:4      | XOM: summons friendly ice devil
  2476 | D:4      | Killed Pikel
  2476 | D:4      | Reached skill level 5 in Short Blades
  2476 | D:4      | Gained mutation: You have razor-sharp teeth. [vine stalker growth]
  2476 | D:4      | Reached XP level 8. HP: 14/42 MP: 7/11
  2533 | D:4      | Got a bloodstained leather armour
  2615 | D:4      | Got a slimy robe
  2628 | D:4      | Identified the +1 robe of Starshine {+Rage Str+2 Slay-2} (You found it on level 4 of the Dungeon)
  2628 | D:4      | Identified the +1 leather armour "Briyj" {Slay-1} (You found it on level 4 of the Dungeon)
  2639 | D:4      | Noticed a soul eater
  2639 | D:4      | an ice devil changed into a soul eater
  2639 | D:4      | XOM: polymorph ice devil -> soul eater
  3127 | D:5      | Entered Level 5 of the Dungeon
  3147 | D:5      | XOM: noise
  3327 | D:5      | Found a sand-covered staircase.
  3366 | Ossuary  | Entered an ossuary
  3401 | Ossuary  | XOM: mild Conj miscast
  3640 | D:5      | Lost mutation: You passively map a small area around you. [potion of cure mutation]
  3641 | D:5      | Gained mutation: You possess an exceptional clarity of mind. [potion of mutation]
  3641 | D:5      | Gained mutation: You are agile. (Dex +2) [potion of mutation]
  3641 | D:5      | Gained mutation: You are very agile. (Dex +4) [potion of mutation]
  3728 | D:5      | Reached skill level 6 in Short Blades
  3817 | D:5      | XOM: noise
  3858 | D:5      | Found an iron altar of Okawaru.
  3879 | D:5      | Reached skill level 5 in Fighting
  4054 | D:5      | XOM: colour smoke trail
  4169 | D:5      | XOM: summons 4 hostile demons
  4264 | D:5      | XOM: silly message
  4277 | D:5      | XOM: give mutations
  4277 | D:5      | Lost mutation: You possess an exceptional clarity of mind. [Xom's mischief]
  4277 | D:5      | Lost mutation: You are very agile. (Dex +4) [Xom's mischief]
  4277 | D:5      | Lost mutation: You are agile. (Dex +2) [Xom's mischief]
  4457 | D:6      | Found a shimmering altar of Xom.
  4517 | D:6      | Reached XP level 9. HP: 44/47 MP: 12/12
  4575 | D:6      | Found a bloodstained altar of Trog.
  4584 | D:6      | XOM: blink monster(s)
  4590 | D:6      | XOM: give mutations
  4590 | D:6      | Gained mutation: Your spells are a little harder to cast, but a little more powerful. [Xom's mischief]
  4590 | D:6      | Gained mutation: Armour fits poorly on your strangely shaped body. [Xom's mischief]
  4590 | D:6      | Lost mutation: Armour fits poorly on your strangely shaped body. [Xom's mischief]
  4680 | D:6      | Reached skill level 7 in Short Blades
  4739 | D:6      | XOM: mild Divn miscast
  4743 | D:6      | XOM: draining
  4752 | D:6      | XOM: silly message
  4800 | D:6      | XOM: chaos upgrade
  5045 | D:6      | Learned a level 2 spell: Repel Missiles
  5057 | D:6      | XOM: colour smoke trail
  5094 | D:6      | XOM: blink monster(s)
  5250 | D:6      | XOM: mild Conj miscast
  5291 | D:6      | XOM: summons 4 hostile demons
  5292 | D:6      | Noticed an orange demon
  5292 | D:6      | Noticed an ice devil
  5299 | D:6      | Slain by an ice devil

Action                   |  1- 3 |  4- 6 |  7- 9 || total
-------------------------+-------+-------+-------++-------
Melee: Short sword       |    92 |   156 |   397 ||   645
Throw: Javelin           |       |       |     3 ||     3
  Use: Potion            |       |       |     8 ||     8
       Scroll            |       |       |     7 ||     7
 Stab: Paralysed         |     1 |       |     6 ||     7
       Petrifying        |     1 |       |     1 ||     2
       Betrayed ally     |     1 |       |       ||     1
       Sleeping          |       |     2 |       ||     2
       Confused          |       |       |     2 ||     2
  Eat: Chunk             |       |     4 |    11 ||    15
